 Dungeon Crawl Stone Soup version 0.24-a0-249-g2af7e83 (webtiles) character file.

Game seed: 10290061743781213028

168 Gorice the Skirmisher (level 5, -1/47 HPs)
             Began as a Gnoll Wanderer on Apr 13, 2019.
             Killed themself with a badly aimed fireball (15 damage)
             ... on level 3 of the Dungeon.
             The game lasted 00:09:15 (2667 turns).

Gorice the Skirmisher (Gnoll Wanderer)              Turns: 2667, Time: 00:09:16

Health: -1/47      AC:  7    Str: 15    XL:     5   Next: 49%
Magic:  7/7        EV: 11    Int: 11    God:
Gold:   121        SH:  0    Dex: 18    Spells: 6/6 levels left

rFire    . . .     SeeInvis .   a - +3 falchion
rCold    . . .     Gourm    .   (no shield)
rNeg     . . .     Faith    .   n - +0 scale mail
rPois    .         Spirit   .   h - +0 helmet
rElec    .         Reflect  .   (no cloak)
rCorr    .         Harm     .   (no gloves)
MR       .....                  (no boots)
Stlth    ++........             (no amulet)
HPRegen  0.15/turn              (no ring)
MPRegen  0.10/turn              (no ring)

@: no status effects
A: distributed training, fangs 1, strong nose
a: no special abilities


You were on level 3 of the Dungeon.
You were not hungry.

You visited 1 branch of the dungeon, and saw 3 of its levels.

You collected 121 gold pieces.

Inventory:

Hand Weapons
 a - a +3 falchion (weapon)
 e - a +0 dagger
Missiles
 k - 2 poisoned tomahawks
 l - a tomahawk (quivered)
 p - 11 sling bullets
 Y - 86 stones
Armour
 d - a +0 robe
 h - a +0 helmet (worn)
 n - a +0 scale mail (worn)
Wands
 m - a wand of random effects (2)
Scrolls
 c - 4 scrolls of teleportation {!r}
 j - a scroll of identify
 o - 6 scrolls of remove curse
Potions
 b - 3 potions of curing
 i - a potion of haste {!q}
Comestibles
 f - 8 rations
 g - 8 chunks of flesh


   Skills:
 + Level 6.7 Fighting
 + Level 1.4 Short Blades
 + Level 3.0 Long Blades
 + Level 1.4 Axes
 + Level 1.4 Maces & Flails
 + Level 1.4 Polearms
 + Level 1.4 Staves
 + Level 1.4 Slings
 + Level 1.4 Bows
 + Level 1.4 Crossbows
 + Level 3.0 Throwing
 + Level 3.0 Armour
 + Level 3.0 Dodging
 + Level 4.4 Stealth
 + Level 1.4 Shields
 + Level 1.4 Unarmed Combat
 + Level 1.4 Spellcasting
 + Level 1.1 Conjurations
 + Level 1.1 Hexes
 + Level 1.1 Charms
 + Level 1.1 Summonings
 + Level 1.1 Necromancy
 + Level 1.1 Translocations
 + Level 1.1 Transmutations
 + Level 1.1 Fire Magic
 + Level 1.1 Ice Magic
 + Level 1.1 Air Magic
 + Level 1.1 Earth Magic
 + Level 1.1 Poison Magic
 + Level 1.6 Invocations
 + Level 3.0 Evocations


You had 6 spell levels left.
You didn't know any spells.
Your spell library was empty.

Dungeon Overview and Level Annotations

Branches:
Dungeon (3/15)

Altars:

Annotations:
D:3 Grinder


Innate Abilities, Weirdness & Mutations

Your experience applies equally to all skills.
You have very sharp teeth.
Your uncanny sense of smell can sniff out nearby items.


Message History

Aim: Grinder (lightly wounded)
The fireball explodes!
The fireball engulfs Grinder!
Grinder is heavily wounded.
The fireball engulfs you! Grinder gestures at you.
Pain shoots through your body!
* * * LOW HITPOINT WARNING * * *
Damage: 25 (max 25)
You hit Grinder.
Grinder is heavily wounded.
Grinder gestures at you.
You barely resist.
Your scale mail prevents you from hitting Grinder.
Grinder is heavily wounded.
Grinder blinks!
Grinder gestures at you.
You barely resist.
Items here: )) [[ ÷ a +0 club; a +0 short sword; a +1 animal skin; a +0 helmet the hobgoblin skeleton of Robin Evoke which item? (* to show all) (? for menu, Esc to quit)
Aiming: Random Effects
Press: ? - help, Shift-Dir - straight line, f/p - Grinder
Aim: Grinder (heavily wounded) Grinder twists and deforms.
Evoke which item? (* to show all) (? for menu, Esc to quit)
Aiming: Random Effects
Press: ? - help, Shift-Dir - straight line, f/p - Grinder
Aim: Grinder (heavily wounded, misshapen and mutated)
The puff of frost misses Grinder.
Evoke which item? (* to show all) (? for menu, Esc to quit)
Aiming: Random Effects
Press: ? - help, Shift-Dir - straight line, f/p - Grinder
Aim: Grinder (heavily wounded, misshapen and mutated) Grinder seems to speed up.
Grinder gestures at you. You resist with significant effort.
Evoke which item? (* to show all) (? for menu, Esc to quit)
Aiming: Random Effects
Press: ? - help, Shift-Dir - straight line, f/p - Grinder
Aim: Grinder (heavily wounded, fast, misshapen and mutated) Nothing appears to happen.
Evoke which item? (* to show all) (? for menu, Esc to quit)
Aiming: Random Effects
Press: ? - help, Shift-Dir - straight line, f/p - Grinder
Aim: Grinder (heavily wounded, fast, misshapen and mutated)
The fireball explodes!
The fireball engulfs Grinder!
Grinder is almost dead.
The fireball engulfs you!
You die...

5....#
#......§.5.....
.....#
#..########.###
.....# #..#
.....####.5##
............##
.....###....5#####
.....###<........#
..
#.####.......###.#
∆ #.# #.#
#.##...## #@# #.#
#.# #.####.# #5#
#.# #. ###.####.#
#.# #.# .........#
#.# #.# #
###.###### #.#
#.### #.# #.#
#.... #.# #.#
#.### #.# #.#
#.... #.# ###.#


You could see Grinder.

Vanquished Creatures
  An orc wizard (D:3)
  An orc priest (D:3)
  Robin (D:3)
  4 adders
  2 worms
  2 leopard geckos
  3 orcs (D:3)
  A giant cockroach (D:1)
  15 goblins
  8 hobgoblins
  A ball python (D:3)
  6 bats
  4 frilled lizards
  3 kobolds
  7 rats
59 creatures vanquished.

Notes
Turn   | Place    | Note
-------+----------+-------------------------------------------
     0 | D:1      | Gorice the Gnoll Wanderer began the quest for the Orb.
     0 | D:1      | Gorice set off with the following items: a +2 falchion, a
                  | potion of curing, a scroll of teleportation {!r}, a +0
                  | robe, a +0 dagger, a ration
     0 | D:1      | Reached XP level 1. HP: 23/23 MP: 2/2
   201 | D:1      | Reached XP level 2. HP: 29/29 MP: 3/3
   903 | D:2      | Reached XP level 3. HP: 35/35 MP: 4/4
  1123 | D:2      | Reached skill level 1 in Invocations
  1131 | D:2      | HP: 10/35 [poisoned by an adder]
  1137 | D:2      | HP: 9/35 [poisoned by an adder]
  1145 | D:2      | HP: 8/35 [poisoned by an adder]
  1758 | D:3      | Noticed Grinder
  1762 | D:3      | HP: 5/35 [Grinder (8)]
  1762 | D:3      | HP: 2/35 [Grinder (3)]
  1824 | D:3      | Reached skill level 1 in Short Blades
  1824 | D:3      | Reached skill level 1 in Axes
  1824 | D:3      | Reached skill level 1 in Maces & Flails
  1824 | D:3      | Reached skill level 1 in Polearms
  1824 | D:3      | Reached skill level 1 in Staves
  1824 | D:3      | Reached skill level 1 in Slings
  1824 | D:3      | Reached skill level 1 in Bows
  1824 | D:3      | Reached skill level 1 in Crossbows
  1824 | D:3      | Reached skill level 1 in Shields
  1824 | D:3      | Reached skill level 1 in Unarmed Combat
  1824 | D:3      | Reached skill level 1 in Spellcasting
  1824 | D:3      | Reached XP level 4. HP: 16/41 MP: 4/6
  2273 | D:3      | Reached skill level 1 in Conjurations
  2273 | D:3      | Reached skill level 1 in Hexes
  2273 | D:3      | Reached skill level 1 in Charms
  2273 | D:3      | Reached skill level 1 in Summonings
  2273 | D:3      | Reached skill level 1 in Necromancy
  2273 | D:3      | Reached skill level 1 in Translocations
  2273 | D:3      | Reached skill level 1 in Transmutations
  2273 | D:3      | Reached skill level 1 in Fire Magic
  2273 | D:3      | Reached skill level 1 in Ice Magic
  2273 | D:3      | Reached skill level 1 in Air Magic
  2273 | D:3      | Reached skill level 1 in Earth Magic
  2273 | D:3      | Reached skill level 1 in Poison Magic
  2320 | D:3      | Noticed Robin
  2461 | D:3      | Reached XP level 5. HP: 47/47 MP: 7/7
  2637 | D:3      | Killed Robin
  2637 | D:3      | Reached skill level 3 in Long Blades
  2637 | D:3      | Reached skill level 3 in Throwing
  2637 | D:3      | Reached skill level 3 in Armour
  2637 | D:3      | Reached skill level 3 in Dodging
  2637 | D:3      | Reached skill level 3 in Evocations
  2659 | D:3      | HP: 13/47 [Grinder/nerve-wracking pain (12)]
  2667 | D:3      | Killed themself with a badly aimed fireball

Levels and vault maps discovered:
D:1:      lordsloth_arrival_two_stooges, layout_basic, minmay_misc_feat_roman,
          minmay_misc_feat_secret_circle, minmay_tromino_v4_c
D:2:      layout_loops_cross, first_ration
D:3:      layout_loops_ring, uniq_robin, uniq_grinder

Skill      XL: |  1  2  3  4  5 |
---------------+----------------+-----
Invocations    | 1 |  1.6
Short Blades   | 1 |  1.4
Axes           | 1 |  1.4
Maces & Flails | 1 |  1.4
Polearms       | 1 |  1.4
Staves         | 1 |  1.4
Slings         | 1 |  1.4
Bows           | 1 |  1.4
Crossbows      | 1 |  1.4
Shields        | 1 |  1.4
Unarmed Combat | 1 |  1.4
Spellcasting   | 1 |  1.4
Conjurations   | 1 |  1.1
Hexes          | 1 |  1.1
Charms         | 1 |  1.1
Summonings     | 1 |  1.1
Necromancy     | 1 |  1.1
Translocations | 1 |  1.1
Transmutations | 1 |  1.1
Fire Magic     | 1 |  1.1
Ice Magic      | 1 |  1.1
Air Magic      | 1 |  1.1
Earth Magic    | 1 |  1.1
Poison Magic   | 1 |  1.1
Long Blades    | 3 |  3.0
Throwing       | 3 |  3.0
Armour         | 3 |  3.0
Dodging        | 3 |  3.0
Evocations     | 3 |  3.0
Fighting       | |  6.7
Stealth        | |  4.4

Action                   |  1- 3 |  4- 6 || total
-------------------------+-------+-------++-------
Melee: Falchion          |    76 |    48 ||   124
       Bite              |     6 |     8 ||    14
Throw: Tomahawk          |     2 |       ||     2
Evoke: Wand              |       |     5 ||     5
  Use: Scroll            |     5 |     1 ||     6
       Potion            |     1 |       ||     1
 Stab: Sleeping          |     4 |       ||     4
  Eat: Chunk             |     2 |     4 ||     6
Armor: Robe              |     4 |       ||     4
       Scale mail        |    23 |    25 ||    48
Dodge: Dodged            |    31 |    30 ||    61
       Rpst.: Falchion   |     8 |    15 ||    23

Table legend:
 A = Non-vault XP
 B = Vault XP
 C = Vault XP percentage of total XP
 D = Non-vault monster count
 E = Vault monster count
 F = Vault count percentage of total count
                 A         B        C        D         E       F
            +---------+---------+-------+---------+---------+-------
      Total |     208 |      33 |  13.7 |      49 |      10 |  16.9
            +---------+---------+-------+---------+---------+-------
        D:1 |      20 |       0 |   0.0 |      14 |       0 |   0.0
        D:2 |      60 |       6 |   9.1 |      21 |       3 |  12.5
        D:3 |     128 |      27 |  17.4 |      14 |       7 |  33.3
            +---------+---------+-------+---------+---------+-------

Table legend:
 A = Turns spent in this place as a percentage of turns spent in the entire game.
 B = Non-inter-level travel turns spent in this place as a percentage of non-inter-level travel turns spent in the entire game.
 C = Inter-level travel turns spent in this place as a percentage of turns spent in this place.
 D = Turns resting spent in this place as a percentage of non-inter-level travel turns spent in this place.
 E = Turns spent auto-exploring this place as a percentage of non-inter-level travel turns spent in this place.
 F = Non-inter-level travel turns spent in this place divided by the number of levels of this place that you've seen.
                   A       B       C       D       E      F
               +-------+-------+-------+-------+-------+----------------------
         Total | 100.0 | 100.0 |   4.0 |  23.5 |  45.4 | 853.3
       Dungeon | 100.0 | 100.0 |   4.0 |  23.5 |  45.4 | 853.3
               +-------+-------+-------+-------+-------+----------------------

Levels and vault maps discovered:
D:1:      lordsloth_arrival_two_stooges, layout_basic, minmay_misc_feat_roman,
          minmay_misc_feat_secret_circle, minmay_tromino_v4_c
D:2:      layout_loops_cross, first_ration
D:3:      layout_loops_ring, uniq_robin, uniq_grinder
